 Dungeon Crawl Stone Soup version 0.28.0-53-g5a82cb258f (webtiles) character file.

Game seed: 72455850429260637

5191 jiml777 the Magician (level 10, -2/74 HPs)
             Began as a Gnoll Air Elementalist on July 8, 2022.
             Was an Initiate of Gozag.
             Killed from afar by an acid dragon (14 damage)
             ... with a splash of acid
             ... on level 9 of the Dungeon.
             The game lasted 01:07:16 (12442 turns).

jiml777 the Magician (Gnoll Air Elementalist)      Turns: 12442, Time: 01:07:17

Health: -2/74      AC:  7    Str:  8    XL:     10   Next: 60%
Magic:  21/21      EV: 15    Int: 18    God:    Gozag
Gold:   3          SH:  0    Dex: 16    Spells: 5/24 levels left

rFire   . . .      SeeInvis .   I - +8 arc blade {discharge, rElec}
rCold   + . .      Faith    .   (no shield)
rNeg    . . .      Spirit   .   j - +0 leather armour
rPois   .          Reflect  .   y - +0 hat
rElec   +          Harm     .   (no cloak)
rCorr   .          Rampage  .   t - +1 pair of gloves {Dex+3}
Will    .....                   c - +0 pair of boots
Stlth   +++.......              (no amulet)
HPRegen 0.22/turn               o - +4 ring of protection
MPRegen 0.17/turn               E - ring of protection from cold

@: corroded, gold aura
A: fangs 1, strong nose, distributed training
a: Renounce Religion, Potion Petition, Call Merchant, Bribe Branch


You were on level 9 of the Dungeon.
You worshipped Gozag.
Gozag was noncommittal.
You visited 2 branches of the dungeon, and saw 10 of its levels.

You collected 1307 gold pieces.
You spent 1244 gold pieces at shops.
You paid 60 gold pieces to Gozag.

Inventory:

Hand Weapons
 u - a +2 dagger of protection
 w - a +0 shortbow of freezing
 I - the +8 arc blade (weapon) {discharge, rElec}
   (You bought it in a shop on level 1 of the Dungeon)

   It occasionally unleashes powerful arcs of lightning upon striking a foe.
   These may arc to other adjacent creatures (including the wielder, but dealing
   reduced damage to them) before grounding out.
   rElec:     It insulates you from electricity.
Missiles
 d - 64 sling bullets
 f - 333 stones
 k - 111 arrows
 l - 74 bolts
 n - 8 poisoned darts
Armour
 c - a +0 pair of boots (worn)
 j - a +0 leather armour (worn)
 t - a +1 pair of gloves of dexterity (worn)
 y - a +0 hat (worn)
Jewellery
 o - a +4 ring of protection (left hand)
 E - a ring of protection from cold (right hand)
Wands
 e - a wand of iceblast (11)
 p - a wand of polymorph (9)
 z - a wand of charming (5)
Scrolls
 a - a scroll of holy word
 v - 2 scrolls of teleportation
 A - a scroll of magic mapping
 B - a scroll of amnesia
 C - a scroll of summoning
 F - a scroll of blinking
 H - 2 scrolls of identify
Potions
 b - a potion of cancellation
 g - a potion of might
 h - 5 potions of brilliance
 i - 2 potions of ambrosia
 m - 2 potions of haste
 q - a potion of mutation
 s - a potion of invisibility
 x - a potion of flight


   Skills:
 + Level 5.4 Fighting
 + Level 5.4 Short Blades
 + Level 5.4 Long Blades
 + Level 5.4 Axes
 + Level 5.4 Maces & Flails
 + Level 5.4 Polearms
 + Level 5.4 Staves
 + Level 5.4 Slings
 + Level 5.4 Bows
 + Level 5.4 Crossbows
 + Level 5.4 Throwing
 + Level 5.4 Armour
 + Level 7.2 Dodging
 + Level 6.9 Stealth
 + Level 5.4 Shields
 + Level 5.4 Unarmed Combat
 + Level 7.5 Spellcasting
 + Level 5.0 Conjurations
 + Level 4.5 Hexes
 + Level 4.5 Summonings
 + Level 4.5 Necromancy
 + Level 4.5 Translocations
 + Level 4.5 Transmutations
 + Level 4.5 Fire Magic
 + Level 4.5 Ice Magic
 + Level 7.1 Air Magic
 + Level 4.5 Earth Magic
 + Level 4.5 Poison Magic
 + Level 6.0 Invocations
 + Level 5.4 Evocations


You had 5 spell levels left.
You knew the following spells:

 Your Spells              Type           Power      Damage    Failure   Level
a - Shock                 Conj/Air       100%       1d9       1%          1
b - Static Discharge      Conj/Air       28%        N/A       1%          2
c - Swiftness             Air            32%        N/A       2%          3
d - Airstrike             Air            16%        N/A       8%          4
e - Summon Lightning Spi  Summ/Air       27%        N/A       13%         4
f - Lightning Bolt        Conj/Air       14%        1d27      30%         5

Your spell library contained the following spells:

 Spells                   Type           Power      Damage    Failure   Level
 Magic Dart               Conj           96%        1d7       1%          1
 Call Imp                 Summ           22%        N/A       3%          2
 Mephitic Cloud           Conj/Pois/Air  26%        N/A       4%          3
 Conjure Flame            Conj/Fire      23%        6-21      6%          3
 Gell's Gravitas          Tloc           22%        N/A       7%          3
 Ignite Poison            Fire/Tmut/Pois 22%        N/A       7%          3
 Teleport Other           Tloc           22%        N/A       7%          3
 Sticky Flame             Conj/Fire      23%        2d4       21%         4
 Animate Dead             Necr           11%        N/A       22%         4
 Irradiate                Conj/Tmut      11%        3d17      50%         5
 Blade Hands              Tmut           11%        N/A       52%         5
 Borgnjor's Vile Clutch   Necr/Erth      11%        N/A       52%         5
 Death Channel            Necr           11%        N/A       98%         6
 Dispersal                Tloc           11%        N/A       98%         6
 Dragon Form              Tmut           11%        N/A       100%        7


Dungeon Overview and Level Annotations

Branches:
Dungeon (9/15)             Temple (1/1) D:5
   Lair: D:8-11         Orc: D:9-12

Altars:
Cheibriados
Dithmenos
Elyvilon
Fedhas
Gozag
Hepliaklqana
Kikubaaqudgha
Makhleb
Nemelex Xobeh
Okawaru
Qazlal
Sif Muna
Trog
Uskayaw
Vehumet
Wu Jian
Xom
Yredelemnul
Zin
The Shining One
Beogh

Shops:
D:1 (   D:5 !   D:6 ?   D:7 [


Innate Abilities, Weirdness & Mutations

You have very sharp teeth.
Your uncanny sense of smell can sniff out nearby items.
Your experience applies equally to all skills.


Message History

You puncture the kobold!
You kill the kobold!
The kobold hits you but does no damage. x2; The acid dragon misses you.
The acid dragon barely misses you.
The kobold brigand hits you with a +0 club.
You puncture the acid dragon!
The acid dragon is heavily wounded.
The kobold hits you but does no damage. x2; The acid dragon misses you.
The acid dragon completely misses you. The kobold brigand barely misses you.
You hit the acid dragon.
The acid dragon is severely wounded.
The kobold hits you with a +0 dagger. The kobold hits you but does no damage.
The acid dragon spits acid at you. The splash of acid hits you!!
The acid corrodes you!
The kobold brigand is distracted by your dazzling golden aura.
The kobold brigand shouts!
You barely miss the acid dragon.
The acid dragon is severely wounded.
The kobold brigand is no longer distracted by gold.
The kobold barely misses you. The kobold hits you with a +0 dagger.
The acid dragon closely misses you.
The acid dragon claws you but does no damage.
The kobold brigand closely misses you.
You completely miss the acid dragon. Your punch misses the acid dragon.
The acid dragon is severely wounded.
The kobold barely misses you. x2; The acid dragon bites you!
The acid dragon claws you.
* * * LOW HITPOINT WARNING * * *
The kobold brigand is distracted by your dazzling golden aura.
The kobold brigand shouts!
The kobold misses you. The acid dragon bites you!
* * * LOW HITPOINT WARNING * * *
The acid dragon claws you.
* * * LOW HITPOINT WARNING * * *
Things that are here:
8 gold pieces; a +0 club The acid dragon spits acid at you.
The splash of acid hits you!
You die...
Your body crumbles into a pile of gold.

######+####
#.........#
#.........+
#...$K$...#
#...K<....#
#..@D.....#
#...K.....#
#.........#
#.........#
#####+#####


You could see an acid dragon (catching breath), a kobold brigand and 2 kobolds.

Vanquished Creatures
  A boulder beetle (D:9)
  A hornet (D:8)
  A shadow (D:9)
  A wyvern (D:9)
  4 steam dragons
  2 water moccasins
  6 orc warriors
  2 black bears (D:7)
  An ice beast (D:5)
  A sky beast (D:6)
  2 necrophages
  4 centaurs
  A kobold brigand (D:7)
  A phantom (D:5)
  3 bullfrogs
  2 scorpions
  5 wights (D:7)
  A hound (D:7)
  3 jellies
  A centaur skeleton (D:6)
  A gnoll shaman (D:7)
  3 orc priests
  3 centaur zombies
  An iguana (D:6)
  A bullfrog skeleton (D:6)
  8 orc wizards
  A killer bee zombie (D:7)
  3 hound skeletons (D:5)
  A gnoll (D:7)
  7 adders
  A howler monkey skeleton (D:7)
  A howler monkey zombie (D:6)
  2 shadow imps (D:7)
  An ufetubus (D:6)
  2 worms
  3 dart slugs
  49 orcs
  4 bats
  5 endoplasms
  4 giant cockroaches
  5 goblins
  4 hobgoblins
  9 jackals
  13 kobolds
  3 quokkas
  3 ball pythons (D:1)
  2 frilled lizards
  5 rats
188 creatures vanquished.

Vanquished Creatures (collateral kills)
  Joseph (D:8)
  An orc wizard (D:8)
  An orc (D:8)
3 creatures vanquished.

Vanquished Creatures (others)
  A kobold (D:9)
  2 fungi (D:1)
  4 plants (D:4)
7 creatures vanquished.

Grand Total: 198 creatures vanquished

Notes
Turn   | Place    | Note
-------+----------+-------------------------------------------
     0 | D:1      | jiml777 the Gnoll Air Elementalist began the quest for the
                  | Orb.
     0 | D:1      | Reached XP level 1. HP: 13/13 MP: 6/6
   142 | D:1      | Reached XP level 2. HP: 18/19 MP: 4/7
   245 | D:1      | Found Qukhal's Weapon Shoppe.
   955 | D:1      | Found a faded altar of an unknown god.
  1061 | D:2      | Reached skill level 5 in Spellcasting
  1061 | D:2      | Reached XP level 3. HP: 6/25 MP: 5/9
  1465 | D:2      | Reached skill level 1 in Invocations
  1735 | D:2      | Reached skill level 1 in Fighting
  1735 | D:2      | Reached skill level 1 in Short Blades
  1735 | D:2      | Reached skill level 1 in Long Blades
  1735 | D:2      | Reached skill level 1 in Axes
  1735 | D:2      | Reached skill level 1 in Maces & Flails
  1735 | D:2      | Reached skill level 1 in Polearms
  1735 | D:2      | Reached skill level 1 in Staves
  1735 | D:2      | Reached skill level 1 in Slings
  1735 | D:2      | Reached skill level 1 in Bows
  1735 | D:2      | Reached skill level 1 in Crossbows
  1735 | D:2      | Reached skill level 1 in Throwing
  1735 | D:2      | Reached skill level 1 in Armour
  1735 | D:2      | Reached skill level 1 in Shields
  1735 | D:2      | Reached skill level 1 in Unarmed Combat
  1735 | D:2      | Reached skill level 1 in Evocations
  1979 | D:2      | Reached XP level 4. HP: 28/32 MP: 11/11
  2424 | D:3      | Reached skill level 1 in Hexes
  2424 | D:3      | Reached skill level 1 in Summonings
  2424 | D:3      | Reached skill level 1 in Necromancy
  2424 | D:3      | Reached skill level 1 in Translocations
  2424 | D:3      | Reached skill level 1 in Transmutations
  2424 | D:3      | Reached skill level 1 in Fire Magic
  2424 | D:3      | Reached skill level 1 in Ice Magic
  2424 | D:3      | Reached skill level 1 in Earth Magic
  2424 | D:3      | Reached skill level 1 in Poison Magic
  3946 | D:3      | Reached XP level 5. HP: 27/37 MP: 12/12
  4455 | D:4      | Found a blossoming altar of Fedhas.
  4460 | D:4      | Found a stormy altar of Qazlal.
  4571 | D:4      | Found an ancient bone altar of Kikubaaqudgha.
  4603 | D:4      | Found a burning altar of Makhleb.
  4986 | D:5      | Entered Level 5 of the Dungeon
  4986 | D:5      | Noticed a phantom
  4998 | D:5      | Noticed an ice beast
  5025 | D:5      | Killed a phantom
  5210 | D:5      | Found a hide-covered altar of Uskayaw.
  5210 | D:5      | Noticed a +0 short sword
  5210 | D:5      | Noticed a +0 falchion
  5211 | D:5      | Noticed a +0 short sword
  5211 | D:5      | Noticed a +0 spear
  5212 | D:5      | Noticed a +0 dagger
  5212 | D:5      | Noticed a +0 dagger
  5212 | D:5      | Noticed a +0 spear
  5213 | D:5      | Noticed a +0 falchion
  5228 | D:5      | Reached XP level 6. HP: 34/44 MP: 13/13
  5263 | D:5      | Killed an ice beast
  5264 | D:5      | Reached skill level 5 in Dodging
  5432 | D:5      | Learned a level 2 spell: Static Discharge
  5436 | D:5      | Learned a level 3 spell: Swiftness
  5441 | D:5      | Learned a level 4 spell: Airstrike
  5511 | D:5      | Found Duetoemn's Distillery.
  5512 | D:5      | Noticed a water moccasin
  5582 | D:5      | Found a staircase to the Ecumenical Temple.
  5591 | Temple   | Entered the Ecumenical Temple
  5794 | Temple   | Became a worshipper of Gozag Ym Sagoz the Greedy
  5974 | D:6      | Noticed a steam dragon
  5990 | D:5      | Killed a steam dragon
  5991 | D:5      | Reached XP level 7. HP: 31/50 MP: 5/15
  6498 | D:5      | Reached skill level 5 in Stealth
  6770 | D:6      | Found a glowing silver altar of Zin.
  6771 | D:6      | Noticed an angel
  6986 | D:6      | Reached XP level 8. HP: 57/57 MP: 16/16
  7391 | D:6      | Found Pipemime's Magic Scroll Shoppe.
  7394 | D:6      | Bought a scroll of magic mapping for 52 gold pieces
  7394 | D:6      | Bought a scroll of identify for 30 gold pieces
  7394 | D:6      | Bought a scroll of amnesia for 52 gold pieces
  7394 | D:6      | Bought a scroll of identify for 30 gold pieces
  7394 | D:6      | Bought a scroll of summoning for 142 gold pieces
  7523 | D:5      | Bought a potion of attraction for 42 gold pieces
  7523 | D:5      | Bought a potion of might for 56 gold pieces
  8185 | D:7      | Reached XP level 9. HP: 62/65 MP: 9/18
  8399 | D:7      | Found Larheodi's Armour Shop.
  8567 | D:7      | Found a radiant altar of Vehumet.
  9337 | D:7      | Found an iron altar of Okawaru.
  9645 | D:8      | Found an ornate altar of the Wu Jian Council.
  9669 | D:8      | Reached skill level 5 in Invocations
  9952 | D:8      | Noticed Joseph
 10246 | D:8      | Learned a level 4 spell: Summon Lightning Spire
 10252 | D:8      | Learned a level 5 spell: Lightning Bolt
 10291 | D:8      | Killed Joseph
 10394 | D:8      | Noticed a hornet
 10450 | D:8      | Reached XP level 10. HP: 73/73 MP: 20/20
 10547 | D:8      | Found a runed translucent door.
 10604 | D:8      | Reached skill level 5 in Fighting
 10604 | D:8      | Reached skill level 5 in Short Blades
 10604 | D:8      | Reached skill level 5 in Long Blades
 10604 | D:8      | Reached skill level 5 in Axes
 10604 | D:8      | Reached skill level 5 in Maces & Flails
 10604 | D:8      | Reached skill level 5 in Polearms
 10604 | D:8      | Reached skill level 5 in Staves
 10604 | D:8      | Reached skill level 5 in Slings
 10604 | D:8      | Reached skill level 5 in Bows
 10604 | D:8      | Reached skill level 5 in Crossbows
 10604 | D:8      | Reached skill level 5 in Throwing
 10604 | D:8      | Reached skill level 5 in Armour
 10604 | D:8      | Reached skill level 5 in Shields
 10604 | D:8      | Reached skill level 5 in Unarmed Combat
 10604 | D:8      | Reached skill level 5 in Evocations
 11608 | D:9      | Noticed a boulder beetle
 11649 | D:9      | Killed a boulder beetle
 11650 | D:9      | Reached skill level 5 in Conjurations
 12274 | D:1      | Bought the +8 arc blade {discharge, rElec} for 840 gold
                  | pieces
 12274 | D:1      | Found the +8 arc blade {discharge, rElec}
 12442 | D:9      | Killed from afar by an acid dragon

Illustrated notes

Levels and vault maps discovered:
D:1:      roderic_octagonal_star, layout_basic, serial_shops,
          nicolae_shop_bloodbath_and_beyond,
          shapermc_ecumenical_altar_hornbeckon, kennysheep_crisscross
D:2:      minmay_chambers_of_twos, layout_loops_ring
D:3:      layout_basic, nrook_mini_backslash
D:4:      layout_basic, grunt_temple_overflow_forces_of_nature,
          mainiacjoe_overflow_large_starburst
D:5:      layout_rooms, nicolae_uskayaw_en_pointe, minmay_temple_entry_poolview,
          serial_shops, nicolae_take_the_stairs
D:6:      layout_rooms, zin_angel, serial_shops, kennysheep_mini,
          minmay_crystal_room, chequers_serial_rivers_micro_d
D:7:      layout_gridville, okawaru_altar_gauntlet_db,
          nicolae_overflow_crystal_walls, serial_shops, shop,
          kennysheep_generic_room_4
D:8:      layout_loops_ring, mainiacjoe_overflow_six_doors_small,
          minmay_misc_feat_room, lightli_church_of_beogh, uniq_joseph
D:9:      layout_roguey, nicolae_ru_awakened_eye
Temple:   minmay_temple_curvy_loop

Skill      XL: |  1  2  3  4  5  6  7  8  9 10 |
---------------+-------------------------------+-----
Conjurations   | 2 3 4 5 |  5.0
Spellcasting   | 5 6 7 |  7.5
Invocations    | 1 2 3 4 5 6 |  6.0
Fighting       | 1 2 3 4 5 |  5.4
Short Blades   | 1 2 3 4 5 |  5.4
Long Blades    | 1 2 3 4 5 |  5.4
Axes           | 1 2 3 4 5 |  5.4
Maces & Flails | 1 2 3 4 5 |  5.4
Polearms       | 1 2 3 4 5 |  5.4
Staves         | 1 2 3 4 5 |  5.4
Slings         | 1 2 3 4 5 |  5.4
Bows           | 1 2 3 4 5 |  5.4
Crossbows      | 1 2 3 4 5 |  5.4
Throwing       | 1 2 3 4 5 |  5.4
Armour         | 1 2 3 4 5 |  5.4
Shields        | 1 2 3 4 5 |  5.4
Unarmed Combat | 1 2 3 4 5 |  5.4
Evocations     | 1 2 3 4 5 |  5.4
Hexes          | 1 2 3 4 |  4.5
Summonings     | 1 2 3 4 |  4.5
Necromancy     | 1 2 3 4 |  4.5
Translocations | 1 2 3 4 |  4.5
Transmutations | 1 2 3 4 |  4.5
Fire Magic     | 1 2 3 4 |  4.5
Ice Magic      | 1 2 3 4 |  4.5
Earth Magic    | 1 2 3 4 |  4.5
Poison Magic   | 1 2 3 4 |  4.5
Dodging        | 5 6 7 |  7.2
Stealth        | 5 6 |  6.9
Air Magic      | 6 7 |  7.1

Action                   |  1- 3 |  4- 6 |  7- 9 | 10-12 || total
-------------------------+-------+-------+-------+-------++-------
Melee: Unarmed           |     1 |       |       |       ||     1
       Dagger            |    59 |   138 |   136 |    55 ||   388
       Short sword       |    12 |       |       |       ||    12
       Bite              |     6 |    28 |    27 |    12 ||    73
       Punch             |       |     4 |     6 |     3 ||    13
       Rapier            |       |    26 |    19 |    12 ||    57
 Cast: Shock             |    19 |    54 |    61 |    78 ||   212
       Airstrike         |       |     2 |    58 |     9 ||    69
       Swiftness         |       |       |     1 |       ||     1
       Summon Lightning  |       |       |     1 |     2 ||     3
       Static Discharge  |       |       |       |     1 ||     1
  Use: Scroll            |     1 |    11 |    10 |       ||    22
       Potion            |       |     5 |     2 |     4 ||    11
 Stab: Sleeping          |     7 |     9 |     2 |       ||    18
       Distracted        |       |       |     1 |       ||     1
Armor: Robe              |    18 |    12 |       |       ||    30
       Leather armour    |       |    33 |   119 |    41 ||   193
Dodge: Dodged            |    46 |   135 |   198 |    91 ||   470
